 Dungeon Crawl Stone Soup version 0.30-a0-372-g0ce2686038 (webtiles) character file.

Game seed: 10839463674812108340

387 Elric the Trooper (level 6, -1/56 HPs)
             Began as a Minotaur Fighter on Nov 23, 2022.
             Slain by Heedrag's ghost (8 damage)
             ... on level 3 of the Dungeon.
             The game lasted 00:03:00 (2270 turns).

Elric the Trooper (Minotaur Fighter)                Turns: 2270, Time: 00:03:01

Health: -1/56      AC:  9    Str: 24 (25) XL:     6   Next: 49%
Magic:  5/5        EV: 10    Int:  4      God:
Gold:   155        SH:  4    Dex:  7 (10) Spells: 5/5 levels left

rFire   . . .      SeeInvis .    a - +0 long sword
rCold   . . .      Faith    .    c - +0 buckler
rNeg    . . .      Spirit   .    b - +0 scale mail
rPois   .          Reflect  .    (helmet restricted)
rElec   .          Harm     .    k - +0 cloak
rCorr   .          Rampage  .    g - +0 pair of gloves
Will    .....                    (no boots)
Stlth   ..........               (no amulet)
HPRegen 0.29/turn                (no ring)
MPRegen 0.09/turn                (no ring)

@: mighty, hasted, very quick
A: horns 2, retaliatory headbutt, deterioration 1, strong 1
a: no special abilities


You were on level 3 of the Dungeon.
You visited 1 branch of the dungeon, and saw 3 of its levels.

You collected 155 gold pieces.

Inventory:

Hand Weapons
 a - a +0 long sword (weapon)
Armour
 b - a +0 scale mail (worn)
 c - a +0 buckler (worn)
 g - a +0 pair of gloves (worn)
 k - a +0 cloak (worn)
Scrolls
 e - 2 scrolls of silence {unknown}
 i - 2 scrolls of fear {unknown}
Potions
 f - a potion of haste
 h - a potion of mutation
 j - 2 potions of flight
 l - a potion of brilliance {unknown}
 m - a potion of ambrosia
 n - 2 potions of heal wounds {unknown}


   Skills:
 + Level 5.1 Fighting
 * Level 4.5 Long Blades
 + Level 5.0 Armour
 + Level 2.8 Dodging
 - Level 2.1 Stealth
 + Level 3.9 Shields


You had 5 spell levels left.
You didn't know any spells.
Your spell library was empty.

Dungeon Overview and Level Annotations

Branches:
Dungeon (3/15)

Altars:
Wu Jian

Annotations:
D:3 Heedrag's ghost, amateur MiFi


Innate Abilities, Weirdness & Mutations

You have a pair of horns on your head.
You reflexively headbutt those who attack you in melee.
Your body sometimes deteriorates upon taking damage.
Your muscles are strong. (Str +4, Int/Dex -1)


Message History

You kill the kobold!
You feel sick.
You closely miss Heedrag's ghost.
You feel sick. Heedrag's ghost barely misses you.
You hit Heedrag's ghost but do no damage.
You feel sick.
You are no longer poisoned.
Heedrag's ghost hits you!
You are too injured to fight recklessly!
You are too injured to fight recklessly!
You are too injured to fight recklessly!
You are too injured to fight recklessly!
You are too injured to fight recklessly!
You are too injured to fight recklessly!
You are too injured to fight recklessly!
You are too injured to fight recklessly!
You feel very mighty all of a sudden. Heedrag's ghost completely misses you.
You furiously retaliate!
You headbutt Heedrag's ghost!
You feel yourself speed up. You block Heedrag's ghost's attack.
You closely miss Heedrag's ghost.
Heedrag's ghost is moderately damaged.
Heedrag's ghost barely misses you.
You closely miss Heedrag's ghost. Your headbutt misses Heedrag's ghost.
Heedrag's ghost is moderately damaged.
Heedrag's ghost hits you!
* * * LOW HITPOINT WARNING * * *
You slash Heedrag's ghost!
Heedrag's ghost is heavily damaged.
Heedrag's ghost hits you!
* * * LOW HITPOINT WARNING * * *
You closely miss Heedrag's ghost. Your headbutt misses Heedrag's ghost.
Heedrag's ghost is heavily damaged.
You hit Heedrag's ghost. You headbutt Heedrag's ghost!
Heedrag's ghost is severely damaged.
You block Heedrag's ghost's attack.
You closely miss Heedrag's ghost. Your headbutt misses Heedrag's ghost.
Heedrag's ghost is severely damaged.
Heedrag's ghost hits you!
You die...

....## #.# ##.....###.#.##
.....### #.#
#P.#[#.~#.....# .......#
#.# #⌠.#K#.⌠#..##)##
.....#.# #.#
#P.#.#KP#..##†.# ...>##.#
#.# ###..W.K##..###.###
....##.####.# #.##'K'##...#
#...# .........##[#
#...........# ###.#
............#######.####.##
#.. ###.............@W..#
### ####.#.#########..#
######.#.# #..# .......#.#
#..# ###....#.# #...
.......#.# ##.## #####..#.#
#.# ####..#.####### .#
#........>.....


You could see Heedrag's ghost.

Vanquished Creatures
  A kobold brigand (D:3)
  A gnoll bouda (D:2)
  2 orc priests (D:3)
  Terence (D:3)
  An orc wizard (D:3)
  3 gnolls (D:2)
  8 adders
  3 worms
  6 orcs (D:3)
  8 bats
  3 endoplasms
  2 giant cockroaches (D:1)
  6 goblins
  2 hobgoblins
  3 jackals (D:2)
  15 kobolds
  A quokka (D:3)
  8 ball pythons
  4 frilled lizards
  4 rats
82 creatures vanquished.

Vanquished Creatures (others)
  A plant (D:3)
1 creature vanquished.

Grand Total: 83 creatures vanquished

Notes
Turn   | Place    | Note
-------+----------+-------------------------------------------
     0 | D:1      | Elric the Minotaur Fighter began the quest for the Orb.
     0 | D:1      | Reached XP level 1. HP: 19/19 MP: 0/0
   134 | D:1      | Reached XP level 2. HP: 27/27 MP: 1/1
   535 | D:1      | Reached skill level 1 in Dodging
   795 | D:2      | Reached XP level 3. HP: 15/33 MP: 2/2
   908 | D:2      | Reached skill level 1 in Stealth
  1134 | D:2      | Reached XP level 4. HP: 29/40 MP: 3/3
  1605 | D:3      | Found an ornate altar of the Wu Jian Council.
  1687 | D:3      | Reached XP level 5. HP: 39/47 MP: 4/4
  1701 | D:3      | Gained mutation: You have sharp toenails. [potion of
                  | mutation]
  1701 | D:3      | Gained mutation: Your body sometimes deteriorates upon
                  | taking damage. [potion of mutation]
  1701 | D:3      | Lost mutation: You have sharp toenails. [potion of
                  | mutation]
  1701 | D:3      | Gained mutation: Your muscles are strong. (Str +4, Int/Dex
                  | -1) [potion of mutation]
  1701 | D:3      | HP: 2/47 [poisoned by an orc priest]
  1825 | D:3      | Noticed Terence
  1835 | D:3      | Killed Terence
  2030 | D:3      | Reached XP level 6. HP: 55/55 MP: 5/5
  2127 | D:3      | Reached skill level 5 in Fighting
  2227 | D:3      | Found a runed translucent gate.
  2227 | D:3      | Found a runed translucent gate.
  2227 | D:3      | Noticed Heedrag's ghost (amateur MiFi)
  2228 | D:3      | Found a runed translucent gate.
  2242 | D:3      | Reached skill level 5 in Armour
  2270 | D:3      | Slain by Heedrag's ghost

Illustrated notes

Levels and vault maps discovered:
D:1:      ncdulo_smallfort, layout_basic
D:2:      layout_loops_cross, kennysheep_another_room
D:3:      layout_loops_ring, mainiacjoe_overflow_alcove_1,
          gammafunk_ghost_nasty_kobolds, minmay_snake_closets, uniq_terence

Skill      XL: |  1  2  3  4  5  6 |
---------------+-------------------+-----
Dodging        | 1 2 |  2.8
Fighting       | 4 5 |  5.1
Armour         | 4 5 |  5.0
Long Blades    | 3 4 |  4.5
Stealth        | 1 2 |  2.1
Shields        | |  3.9

Action                   |  1- 3 |  4- 6 || total
-------------------------+-------+-------++-------
Melee: Long sword        |    84 |   141 ||   225
       Headbutt          |    12 |    29 ||    41
  Use: Potion            |       |    10 ||    10
Armor: Scale mail        |    46 |    66 ||   112
Dodge: Dodged            |    51 |    61 ||   112
Block: Buckler           |    18 |    29 ||    47

Table legend: (Time is in decaauts)
 A = Elapsed time spent in this place.
 B = Non-inter-level travel time spent in this place.
 C = Inter-level travel time spent in this place.
 D = Time resting spent in this place.
 E = Time spent auto-exploring this place.
 F = Levels seen in this place.
 G = Mean time per level.
                   A        B        C        D        E       F      G
               +--------+--------+--------+--------+--------+-----+--------+
         Total |   2325 |   2241 |     84 |     34 |   1690 |   3 |  775.0 |
       Dungeon |   2325 |   2241 |     84 |     34 |   1690 |   3 |  775.0 |
               +--------+--------+--------+--------+--------+-----+--------+

Top non-repeatable levels by time:
     D:3: 856 daAuts
     D:2: 800 daAuts
     D:1: 668 daAuts
